[Event "Rapid Shavuot-A 2023"]
[Site "Ramat Gan"]
[Date "2023.05.25"]
[Round "4.17"]
[White "Vaisman, Felix"]
[Black "Michaeli, Omri"]
[Result "0-1"]
[ECO "C56"]
[WhiteElo "2121"]
[BlackElo "1874"]
[Annotator "TA"]
[PlyCount "54"]
[EventDate "2023.05.19"]
[EventType "swiss"]
[EventCountry "ISR"]
[SourceTitle "playchess.com"]
[Source "ChessBase"]
[SourceQuality "1"]
[TimeControl "900+5"]

1. e4 e5 2. Nf3 Nc6 3. Bc4 Nf6 4. d4 exd4 5. O-O Nxe4 6. Re1 d5 7. Bxd5 Qxd5 8. Nc3 Qa5 9. Nxe4 Be6 10. Bg5 h6 (10... Bxa2 $2 11. Nf6+ Kd8 12. Re8#) 11. Bh4 {[%emt 0:00:01] C56: Two Knights: 4 d4 exd4 5 0-0 Nxe4.} Be7 (11... Bxa2 $2 12. Nf6+ Kd8 13. Re8#) (11... Bb4 $17 12. c3 dxc3 13. bxc3 Bxc3 14. Nxc3 Qxc3) 12. Bxe7 $11 Nxe7 13. Nxd4 {[%emt 0:01:17][%cal Ob2b4] The position is equal.} O-O-O $1 {[%emt 0:00:42] [#]} 14. Qd3 $146 {[%emt 0:00:35] [#]} (14. c3 $11 {remains equal.}) ({Predecessor:} 14. c3 Qb6 15. Qc2 Bd7 16. a4 Nc6 17. Nxc6 Qxc6 18. b4 Kb8 19. b5 Qg6 20. Rab1 {0-1 Magallanes,R (2036)-Zong,D (2129) Titled Tuesday intern op 01st Sept blitz 2020 (8)}) 14... Qb6 $1 $17 15. Qa3 Rxd4 16. Qxe7 Qxb2 {[%emt 0:00:03][%cal Od4e4] Threatens to win with ...Rxe4!} 17. Nc5 Rhd8 {[%emt 0:01:52] Strongly threatening ...Qa3.} 18. h3 {[%emt 0:03:10] And now Rab1 would win.} Qa3 {[%emt 0:02:56] Black is more active.} (18... Bxa2 19. Nd3 Rxd3 20. cxd3 $14) (18... Qxc2 $2 19. Rac1 $18) (18... Rd2 $17 {...Qd4 is the strong threat.} 19. Nxe6 fxe6) 19. Re3 $1 $15 Qb4 $36 {[%emt 0:00:22][%cal Od4d7][%mdl 2048] White must now prevent ...R4d7! Black is pushing.} 20. c3 $2 {[%emt 0:02:39] This costs White the game.} (20. a3 $1 $15 Rd1+ 21. Rxd1 Rxd1+ 22. Kh2 Qf4+ 23. Rg3 Qxf2 24. Rxg7 Qg1+ 25. Kg3 Qe3+ 26. Kh2 Qg1+ 27. Kg3 Qe3+ 28. Kh2 Qe5+ 29. Rg3) 20... Rd1+ $19 21. Rxd1 Rxd1+ 22. Kh2 Qf4+ 23. Rg3 Qxf2 24. Rf3 $2 (24. Rxg7 Qf4+ 25. Rg3 Bxh3 26. Qe2) 24... Qg1+ (24... Qxa2 $2 {is the wrong capture.} 25. Qf8+ Rd8 26. Qxg7 $19) 25. Kg3 Qe1+ ({Not} 25... Bxa2 26. Nd3 c6 27. Qf8+ Kc7 28. Qe7+ Kc8 29. Qf8+ Kc7 30. Qe7+ Kc8 $11) 26. Rf2 $2 {[%emt 0:02:12] [#]} (26. Kh2 $19 Bxa2 27. Qf8+ Rd8 28. Qxg7) 26... Qe5+ ({Worse is} 26... Bxa2 27. Qxe1 Rxe1 28. Rxa2 $11) 27. Rf4 g5 {[%emt 0:00:43][%mdl 64] Pin.   Weighted Error Value: White=0.73/Black=0.29 (precise)} 0-1

[Event "Rapid Shavuot-A 2023"]
[Site "Ramat Gan"]
[Date "2023.05.25"]
[Round "4.18"]
[White "Daniel, Marc D."]
[Black "Orian, Noga"]
[Result "0-1"]
[ECO "D00"]
[WhiteElo "1234"]
[BlackElo "2131"]
[Annotator "NA RC"]
[PlyCount "74"]
[EventDate "2023.05.19"]
[EventType "swiss"]
[EventCountry "ISR"]
[SourceTitle "playchess.com"]
[Source "ChessBase"]
[SourceQuality "1"]
[TimeControl "900+5"]

1. d4 Nf6 2. Bg5 d5 3. Bxf6 gxf6 4. e3 c5 5. c4 dxc4 6. Bxc4 cxd4 7. Qxd4 Qxd4 8. exd4 Nc6 9. Bb5 Bd7 10. Nf3 Rg8 11. O-O O-O-O 12. Na3 Bh3 13. g3 Bxf1 14. Kxf1 e6 15. Nc2 Bh6 16. a4 a6 17. Bc4 Bf8 18. Rc1 Kb8 19. Rb1 Nb4 20. Nfe1 f5 21. Nxb4 Bxb4 22. Nd3 Rxd4 23. b3 Bd6 24. Ke2 f4 25. Kf3 Rc8 26. Nb2 b5 27. axb5 axb5 28. Bxb5 Rc3+ 29. Bd3 Rdxd3+ 30. Nxd3 Rxd3+ 31. Ke4 Rd2 32. gxf4 Rxf2 33. f5 Rxf5 34. b4 Rf4+ 35. Ke3 Rxb4 36. Rf1 f5 37. Rg1 Bc5+ 0-1

[Event "Rapid Shavuot-A 2023"]
[Site "Ramat Gan"]
[Date "2023.05.25"]
[Round "5.1"]
[White "Mindlin, Alon"]
[Black "Aizenberg, Benny"]
[Result "1/2-1/2"]
[ECO "A80"]
[WhiteElo "2435"]
[BlackElo "2403"]
[Annotator "TA"]
[PlyCount "161"]
[EventDate "2023.05.19"]
[EventType "swiss"]
[EventCountry "ISR"]
[SourceTitle "playchess.com"]
[Source "ChessBase"]
[SourceQuality "1"]
[TimeControl "900+5"]

1. d4 f5 2. Bg5 g6 3. Nc3 Bg7 4. e4 d6 5. Nf3 Nf6 6. exf5 {[%emt 0:00:51] A80: Dutch Defence: Unusual White second moves.} Bxf5 7. Bc4 {[%emt 0:00:02] [#]} c6 $146 ({Predecessor:} 7... e6 8. O-O O-O 9. h3 h6 10. Bh4 Nc6 11. Re1 d5 12. Bb5 g5 13. Bg3 Ne4 14. Bxc6 bxc6 {½-½ Prohorov,O (2086)-Iljin,T (2299) Titled Tuesday intern op 08th Mar Early blitz 2022 (4)}) 8. O-O {[%emt 0:00:34] White is more active. White is better.} d5 9. Bd3 O-O 10. Bxf5 gxf5 11. Bxf6 Rxf6 12. Ne2 Qd6 13. Re1 Nd7 14. Ng3 e6 15. Qd3 (15. Nh5 $5 ) 15... Rg6 16. Re2 f4 17. Nf1 (17. Nh5 $16) 17... e5 $11 18. dxe5 Nxe5 (18... Bxe5 19. Rae1 Bg7 20. Re8+ Rxe8 21. Rxe8+ Nf8 22. Nh4 $11) 19. Nxe5 Bxe5 20. c3 Qf6 {[%emt 0:00:39] [#]} 21. Qf3 (21. Rae1 $1 $16 Bd6 22. Re8+ Rxe8 23. Rxe8+ Kg7 24. Qh3) 21... Kh8 22. Rae1 Bd6 23. Re8+ Rxe8 24. Rxe8+ Rg8 25. Rxg8+ Kxg8 $14 {[%emt 0:00:02][%cal Bh8g8,Bg8f7,Bf7g7][%mdl 4128] Endgame KQB-KQN} 26. Qg4+ Kf7 $1 27. Nd2 (27. Qh3 $5 ) 27... Qe6 28. Qd1 Kg7 29. h3 Qf5 30. a4 (30. c4 $14) 30... Bc5 31. Nf3 Qe4 32. b4 Be7 33. Nd4 Bf6 (33... Kf6 $11) 34. Qg4+ Kf7 {[%emt 0:00:01] [#]} 35. Qd7+ (35. Nf3 $1 $16) 35... Qe7 $11 36. Qf5 Qe4 $1 37. Qh5+ Kf8 38. Nf5 Qe1+ 39. Kh2 Qxf2 {[%emt 0:00:04] Hoping for ...f3.} 40. Qh6+ (40. Qxh7 f3 41. Qh6+ (41. Qxb7 $2 Qxg2#) 41... Kf7 42. Qh7+ Ke6 43. Ng7+ Kd7 44. Qf5+ (44. Nf5+ $2 Kd8 $19) 44... Kc7 45. Ne6+ Kb6) 40... Kf7 41. Qxh7+ Ke6 42. Qg6 f3 43. Nd4+ Ke7 44. Nxf3 Bxc3 45. Qh7+ Kd6 46. Qg6+ Kc7 47. Qf7+ Kb6 48. Qf4 ({White should try} 48. Qe7 $11 a6 49. a5+ Ka7 50. h4) 48... Qb2 ({Black should play} 48... a5 $1 $15 49. bxa5+ Kxa5) 49. b5 $1 cxb5 50. Qd6+ Ka5 51. axb5 (51. Qxd5 $2 Kxa4 52. h4 a5 53. Qxb7 b4 $19) 51... Kxb5 {[%emt 0:00:21] White must now prevent ...a5.} 52. Qxd5+ Ka6 53. h4 b5 54. h5 Ka5 55. h6 Qc1 56. Qa2+ Kb4 57. Qe6 (57. Qa6 $11 {is more appropriate.}) 57... a5 (57... Qf4+ $15 58. Kh3 a5) 58. h7 (58. Qd6+ $11 Kb3 59. Qd5+ Kb4 60. Qd6+ Kb3 61. Qd5+ Kb4 62. Qd6+) 58... Qc2 ({Better is} 58... Qf4+ $17 59. Kh3 a4) 59. Qe7+ Ka4 60. Qh4+ b4 {[%emt 0:00:03] Threatens to win with ...Bh8.} 61. h8=Q Bxh8 62. Qxh8 {[%emt 0:00:01] Intending Qa1+ and mate.} b3 63. Qa1+ Kb4 64. Qe1+ Qc3 {[%emt 0:00:06] ( -> ...Qxe1)} 65. Qe4+ Ka3 66. Nd4 {[%emt 0:00:01] Nb5+ would kill now.} Qc7+ 67. Kh3 {[%emt 0:00:04] Threatening mate with Nb5+.} Qc8+ 68. g4 {[%emt 0:00:03] Nb5+ is the strong threat.} b2 69. Qd3+ Kb4 $2 (69... Ka2 $11 70. Qb3+ Ka1 71. Qa4+ Kb1) 70. Qb3+ $18 Kc5 71. Nf5 $2 (71. Qxb2 Qh8+ 72. Kg3 Qxd4 73. Qa3+ Qb4 74. Qe3+ Qd4 75. Qa3+ Kb5 $11) (71. Qc3+ $18 Kd5 72. Qxc8) 71... Qh8+ $11 {[%emt 0:00:00] The position is equal.} 72. Kg2 a4 73. Qa3+ (73. Qxa4 $2 b1=Q 74. Qa5+ Qb5 75. Qa7+ Kd5 76. Qf7+ Kc6 77. Qe6+ Kc7 $19) 73... Kb5 74. Qd3+ Kb4 75. Nd4 {[%emt 0:00:00] White wants to mate with Qb5+.} Qa8+ $1 76. Kg1 {[%emt 0:00:06] Strongly threatening Nc2+.} (76. Kg3 $5 Qb8+ $8 77. Kh4 Qh8+ 78. Kg5 (78. Kg3 Qb8+ 79. Kg2 Qb7+ 80. Kg1 Qb6 $11) 78... Qg8+ 79. Kh4 Qh8+ 80. Kg5 (80. Kg3 Qb8+ 81. Kh4 Qh8+ $11) 80... Qe5+ 81. Kg6 Qd6+ 82. Kg5 $11) 76... Qa7 (76... Qd5 $2 77. Nc2+ Kc5 78. Qa3+ Kc4 79. Ne3+ (79. Qxa4+ Kc3 $11) (79. Qb4+ Kd3 $11) 79... Kd4 80. Nc2+ (80. Nxd5 b1=Q+ 81. Kf2 Qc2+ 82. Ke1 Kxd5 $11) (80. Qxa4+ Kxe3 81. Qa3+ Qd3 $11) 80... Kc4 81. Ne3+ (81. Qxa4+ Kc3 $11) (81. Qb4+ Kd3 $11) 81... Kd4 82. Nf5+ (82. Nxd5 b1=Q+ 83. Kf2 Qc2+ 84. Ke1 Kxd5 $11) (82. Qxa4+ Kxe3 83. Qa3+ Kf4 $11) 82... Kc4 83. Ne3+ $18 (83. Qxa4+ Kc3 $11) (83. Qa2+ Kc5 $14)) 77. Kh2 {[%emt 0:00:10] White threatens Nc6+ and mate.} Qc7+ 78. Kh3 {[%emt 0:00:01] Nc2+ would be deadly.} Qc3 79. Nc2+ Kb3 80. Nd4+ Kb4 81. Nc2+ {[%emt 0:00:01] Weighted Error Value: White=0.13 (very precise) /Black=0.11 (very precise)} 1/2-1/2

[Event "Rapid Shavuot-A 2023"]
[Site "Ramat Gan"]
[Date "2023.05.25"]
[Round "5.2"]
[White "Veinberg, Nimrod"]
[Black "Iliaguev, Nisim"]
[Result "1-0"]
[ECO "A67"]
[WhiteElo "2410"]
[BlackElo "2402"]
[Annotator "TA"]
[PlyCount "57"]
[EventDate "2023.05.19"]
[EventType "swiss"]
[EventCountry "ISR"]
[SourceTitle "playchess.com"]
[Source "ChessBase"]
[SourceQuality "1"]
[TimeControl "900+5"]

1. d4 Nf6 2. c4 c5 3. d5 e6 4. Nc3 exd5 5. cxd5 d6 6. e4 g6 7. f4 Bg7 8. Bb5+ Nfd7 9. a4 O-O 10. Nf3 a6 11. Be2 Re8 12. O-O Nf6 {[%emt 0:01:26] A67: Modern Benoni: Taimanov Variation.} (12... Nf8 $16) 13. e5 $18 dxe5 14. fxe5 Ng4 {[%emt 0:00:05] White is clearly better.} 15. Bg5 {[%emt 0:02:47] [#]} Qd7 $146 {[%emt 0:02:20] [#]} (15... f6) ({Predecessor:} 15... f6 16. exf6 Bxf6 17. Qd2 Bf5 18. Bf4 Nd7 19. h3 Nge5 20. g4 Nxf3+ 21. Bxf3 g5 {1-0 Koziak,V (2515)-Tarleva,V (2149) Mukachevo Summer op 2012 (1)}) 16. e6 $1 fxe6 17. Bc4 h6 (17... Qc7 $142 18. Qe2 Ne5 19. Nxe5 Qxe5) 18. h3 hxg5 19. hxg4 Qd6 20. Ne4 Qf4 21. Nfxg5 {[%emt 0:00:12] A dynamic duo of knights.} Qe3+ 22. Kh1 Nd7 23. dxe6 {[%emt 0:02:45] White mates.} Nb6 24. e7+ Nxc4 25. Qd5+ Kh8 26. Rf8+ {[%emt 0:01:34][%mdl 64] [#] Decoy, Promotion} Rxf8 27. exf8=Q+ {[%emt 0:00:03][%mdl 64] Back Rank} Bxf8 28. Qf7 Bg7 29. Qe8+ {[%emt 0:00:05] Black did not feel at home in the position after the opening. Ingenious play by Veinberg!   Weighted Error Value: White=0.00 (flawless) /Black=0.78} 1-0

[Event "Rapid Shavuot-A 2023"]
[Site "Ramat Gan"]
[Date "2023.05.25"]
[Round "5.3"]
[White "Zanan, Evgeny"]
[Black "Rozen, Eytan"]
[Result "1/2-1/2"]
[ECO "A95"]
[WhiteElo "2485"]
[BlackElo "2417"]
[Annotator "TA"]
[PlyCount "191"]
[EventDate "2023.05.19"]
[EventType "swiss"]
[EventCountry "ISR"]
[SourceTitle "playchess.com"]
[Source "ChessBase"]
[SourceQuality "1"]
[TimeControl "900+5"]

1. d4 Nf6 2. c4 e6 3. Nf3 d5 4. g3 Be7 5. Bg2 O-O 6. Nc3 c6 7. O-O Ne4 8. Qc2 f5 9. Ne5 Nd7 10. Nd3 dxc4 11. Nf4 Ndf6 $1 12. Nxe4 fxe4 13. Qxc4 Qd6 14. e3 b5 (14... g5 $14 15. Ne2 b5) 15. Qc2 $16 e5 16. dxe5 Qxe5 17. Bd2 (17. Qxc6 Bd7 18. Qc3 Qxc3 19. bxc3 Rfd8 $14) 17... Bf5 18. Bc3 Qc5 19. Qb3+ Qc4 20. Qxc4+ bxc4 21. Rfc1 Rfd8 (21... Nd5 $16) 22. Bf1 $18 Rd3 23. Bxd3 cxd3 24. Bxf6 ({Better is} 24. h3 $1 $16) 24... Bxf6 $11 25. Rxc6 Bg4 $1 26. Nd5 Bxb2 27. Rb1 Be5 $2 (27... Ba3 $1 $11 {and Black has nothing to worry.}) 28. h3 Bf3 29. Re6 $1 Bf6 30. Nxf6+ gxf6 31. Rxf6 (31. Rd6 $1 $16 ) 31... h5 $2 (31... Rd8 $1 $11) 32. Rd6 $18 Rc8 33. h4 (33. Rd7 $142) 33... Rc7 $18 34. g4 Bxg4 35. Kg2 Kg7 36. Rb4 Rf7 37. Rbd4 (37. Rxe4 $2 Bf3+ 38. Kg1 Bxe4 $19) 37... Kh7 (37... Kf8 $142 38. f4 (38. Rxe4 $2 Bf3+ 39. Kf1 Bxe4 $19) 38... exf3+ 39. Kf2 Rc7 40. Rxd3 Ke7) 38. a4 (38. Rxe4 $2 Bf3+ 39. Kf1 Bxe4 $19) 38... a5 (38... Kg8 {was called for.} 39. f4 (39. Rxe4 $2 Bf3+ 40. Kg1 Bxe4 $19) 39... exf3+ 40. Kf2 Rb7 41. Rxd3 Kf7) 39. R4d5 (39. Rxe4 $2 Bf3+ 40. Kg1 Bxe4 $19) 39... Rg7 40. Rg5 Rxg5 (40... Ra7 $142 41. Kf1 Bf3) 41. hxg5 $18 h4 42. Kh2 (42. f3 $142 Bxf3+ 43. Kh3) 42... Kg7 $18 43. Rd4 h3 $2 (43... Kg6 44. f4 Kf7) 44. Kg3 $2 (44. Rxe4 d2 45. Rxg4 d1=Q 46. Kxh3 Qf3+ 47. Rg3 Qxf2 $19) (44. f3 Bxf3 45. Kxh3) 44... Kg6 $18 45. Rd5 (45. Kxg4 $2 h2 46. Rd6+ (46. Rxe4 $2 h1=Q $19) 46... Kf7 $19) (45. Rxe4 $2 d2 46. Rxg4 d1=Q $19) (45. f4 $18 Kf7 46. Rd8 (46. Kxg4 $2 h2 $19)) 45... Kg7 $2 (45... Bd1 $16) 46. f3 $18 (46. Kxg4 $2 h2 47. Rd7+ (47. Rxa5 $2 {loses.} h1=Q $19) 47... Kg8 48. Rd8+ Kf7 $19) 46... exf3 47. Rb5 $4 (47. Kxg4 $2 f2 48. Rxd3 f1=Q $19) (47. Rxd3 $18 {is the narrow road to win.} Bf5 48. Rd4) 47... d2 48. Rb1 (48. Kxg4 d1=Q 49. Kg3 Qg1+ 50. Kf4 h2 51. Rb7+ Kf8 52. Ke5 Qxg5+ 53. Ke6 Qxe3+ 54. Kf5 h1=Q 55. Rb8+ Ke7 56. Rb7+ Kd6) 48... Bd7 $4 (48... Bh5 $19 49. Kxh3 Kg6) 49. Rd1 $18 (49. Kxf3 Bxa4 50. g6 d1=Q+ 51. Rxd1 Bxd1+ 52. Kf2 a4 53. Kg3 a3 54. Kxh3 a2 55. Kg3 a1=Q 56. Kf2 Qb2+ 57. Kg3 Qf6 58. Kh3 Qf3+ 59. Kh2 Qg4 60. e4 Bf3 61. e5 Qg2#) 49... Bxa4 50. Rxd2 Kg6 51. Kxh3 Kxg5 52. Rd5+ Kf6 53. Rxa5 Bd1 $2 (53... Bc2 $16 54. Kg3 Be4) 54. Kg3 $18 Be2 55. Rc5 Ke6 56. Kf2 Kd6 57. Ra5 Ke6 58. e4 Kd6 59. Ke3 Ke6 60. Rf5 Kd6 61. Kd4 Ke6 62. Rf4 Kd6 63. e5+ Ke6 64. Rf6+ Ke7 65. Kd5 Bd1 66. Ke4 Be2 67. Ke3 Bd1 68. Kf2 Be2 69. Rd6 Kf7 70. Rf6+ Ke7 71. Ke3 Bd1 $1 72. Kd4 Be2 $1 73. Kc5 Bd1 74. Rf4 $2 (74. Kc4 $18 Ba4 75. Rxf3) 74... Ke6 $11 75. Kd4 $2 (75. Rf8 $11 Kxe5 76. Kc4) 75... Be2 $18 76. Ke4 Bd1 77. Rh4 Bc2+ 78. Kd4 $1 Bd1 79. Rh6+ Ke7 80. Kd5 Bb3+ 81. Ke4 Bd1 82. Ke3 Be2 83. Rd6 $2 (83. Rc6 $18 Bd1 84. Rh6) 83... Kf7 84. Ke4 Ke7 85. Rf6 Bd1 86. Kd4 Be2 $1 87. Kd5 $2 (87. Kc3 $11 Bd1 88. Kd4) 87... Bd1 $1 $18 88. Rf4 $2 (88. Re6+ $18 Kd7 89. Rh6 Bb3+ 90. Ke4) 88... Bb3+ $1 $11 {[%emt 0:00:11] [#]} 89. Kd4 $2 ({Only move:} 89. Kc5 $1 $18 Bd1 90. Rf6) 89... Bd1 $1 $11 90. Rh4 Be2 91. Rh7+ Ke6 92. Rh6+ Ke7 93. Rf6 Bd1 $1 94. Ke4 Be2 {[%emt 0:00:04] [#]} 95. Rd6 ({White should try} 95. Rf4 $1 $16 {Ke3 would be deadly.} Ke6 96. Rf8) 95... f2 $11 96. Rf6 1/2-1/2

[Event "Rapid Shavuot-A 2023"]
[Site "Ramat Gan"]
[Date "2023.05.25"]
[Round "5.4"]
[White "Ehrlich, Roy"]
[Black "Zemach, Roee"]
[Result "0-1"]
[ECO "C44"]
[WhiteElo "2228"]
[BlackElo "2261"]
[Annotator "NA RC"]
[PlyCount "108"]
[EventDate "2023.05.19"]
[EventType "swiss"]
[EventCountry "ISR"]
[SourceTitle "playchess.com"]
[Source "ChessBase"]
[SourceQuality "1"]
[TimeControl "900+5"]

1. e4 e5 2. Nf3 Nc6 3. d4 exd4 4. c3 d5 5. exd5 Qxd5 6. cxd4 Bg4 7. Be3 Bxf3 8. gxf3 Nf6 9. Nc3 Bb4 10. a3 Bxc3+ 11. bxc3 O-O-O 12. Rg1 g6 13. Rg5 Qe6 14. Rb1 Nd5 15. Bc4 Na5 16. Ba2 Qc6 17. Bxd5 Rxd5 18. Rxd5 Qxd5 19. Qe2 Nc4 20. Rb4 b5 21. a4 a6 22. axb5 axb5 23. Qa2 Kb7 24. Qe2 Re8 25. Kf1 f5 26. Qe1 c6 27. f4 Nxe3+ 28. fxe3 Qh1+ 29. Kf2 Qxh2+ 30. Kf3 Qh3+ 31. Kf2 Qh4+ 32. Kf1 Qxe1+ 33. Kxe1 Rxe3+ 34. Kd2 Re4 35. Rb1 Rxf4 36. d5 cxd5 37. Rxb5+ Kc6 38. Rb8 h5 39. Ke3 Rg4 40. Rc8+ Kd7 41. Rh8 h4 42. Kd3 Ke7 43. Ke3 Kf6 44. Rd8 Ke6 45. Re8+ Kd7 46. Rh8 g5 47. Rf8 Re4+ 48. Kd3 Ke6 49. Re8+ Kd6 50. Rf8 Ke5 51. Re8+ Kf4 52. Rd8 h3 53. Rd7 h2 54. Rh7 Kg3 0-1

[Event "Rapid Shavuot-A 2023"]
[Site "Ramat Gan"]
[Date "2023.05.25"]
[Round "5.5"]
[White "Parkhov, Yair"]
[Black "Levitan, Tal"]
[Result "1-0"]
[ECO "E17"]
[WhiteElo "2505"]
[BlackElo "2328"]
[Annotator "TA"]
[PlyCount "77"]
[EventDate "2023.05.19"]
[EventType "swiss"]
[EventCountry "ISR"]
[SourceTitle "playchess.com"]
[Source "ChessBase"]
[SourceQuality "1"]
[TimeControl "900+5"]

1. Nf3 d5 2. c4 e6 3. e3 Nf6 4. b3 Be7 5. Bb2 O-O 6. Nc3 b6 7. cxd5 exd5 8. g3 Bb7 9. Bg2 c5 10. d4 Nbd7 11. O-O Rc8 12. Rc1 Ne4 {[%emt 0:00:07] [#] E17: Queen's Indian: 4 g3 Bb7 5 Bg2 Be7.} 13. Ne2 $146 ({Predecessor:} 13. Qe2 Ndf6 14. Rfd1 Qc7 15. Ne5 Nxc3 16. Bxc3 Qb8 17. Bb2 h6 18. Nd3 Ba6 19. Qe1 c4 20. Nf4 cxb3 21. axb3 {1-0 Ianov,V (2279)-Karacsonyi,G (2348) Titled Tuesday intern op 21st Dec blitz 2021 (6)}) 13... Ba6 14. Re1 c4 {[%emt 0:00:05] The position is equal.} 15. bxc4 Rxc4 16. Rxc4 Bxc4 17. a3 {[%emt 0:00:33] Against Bb4} Bd6 18. Nd2 Nxd2 19. Qxd2 Qe7 20. Nc3 Nf6 21. e4 Bxa3 22. e5 (22. Nxd5 Nxd5 23. exd5 Qb4 $11) (22. exd5 Qb4 23. Bxa3 Qxa3 $15) 22... Ne4 23. Nxe4 {[%emt 0:00:18][%cal Oe4f6] aiming for Nf6+!} (23. Bxa3 $5 Qxa3 24. Nxe4 dxe4 25. Bxe4 $14) 23... dxe4 24. Bxe4 Bxb2 25. Qxb2 Rd8 {[%emt 0:00:24] [#]} 26. Bxh7+ $1 {[%emt 0:00:14][%mdl 64] Decoy} Kxh7 27. Qc2+ Kg8 28. Qxc4 $14 {[%emt 0:00:02][%mdl 4096] Endgame KQR-KQR} Qd7 {[%emt 0:00:11] Wards off d5} 29. Rd1 {[%emt 0:00:53] Threatens to win with d5.} b5 30. Qc5 {[%emt 0:00:15] d5 would be deadly.} a5 (30... Rc8 $14 31. Qa3 Re8) 31. d5 $16 {[%emt 0:00:07][%cal Bd4d5,Bd5d6][%mdl 32] White is more active.} a4 32. d6 Rc8 33. Qa3 Qg4 {[%emt 0:01:08] [#]} (33... Rc2 $16 {is a better defense.} 34. Rd4 Qf5) 34. Rc1 $1 $18 Ra8 35. Qd3 Qg5 $2 (35... Qe6 36. Qxb5 a3) 36. f4 Qd8 37. Qd5 {[%emt 0:00:46][%cal Oe5e6] Black must now prevent e6!} ({Less strong is} 37. Qxb5 a3 38. Qc5 a2 $18) 37... a3 38. d7 {[%emt 0:02:01][%cal Od5a8] Qxa8! would kill now.} ({Weaker is} 38. Qxb5 a2 39. Qb2 Qa5 $11) 38... a2 {[%emt 0:00:05] [#]} 39. Qxa8 $3 {[%emt 0:00:09][%mdl 576] Remove Defender, Promotion.   Weighted Error Value: White=0.11 (very precise) /Black=0.37} 1-0

[Event "Rapid Shavuot-A 2023"]
[Site "Ramat Gan"]
[Date "2023.05.25"]
[Round "5.6"]
[White "Sherman, Reem"]
[Black "Dvoirys, Semen I."]
[Result "0-1"]
[ECO "B80"]
[WhiteElo "2306"]
[BlackElo "2470"]
[Annotator "TA"]
[PlyCount "78"]
[EventDate "2023.05.19"]
[EventType "swiss"]
[EventCountry "ISR"]
[SourceTitle "playchess.com"]
[Source "ChessBase"]
[SourceQuality "1"]
[TimeControl "900+5"]

1. e4 c5 2. Nf3 Nc6 3. d4 cxd4 4. Nxd4 e6 5. Nc3 a6 6. g3 Nf6 7. Bg2 Qc7 8. O-O Be7 9. Re1 d6 10. Nxc6 bxc6 11. e5 dxe5 12. Rxe5 O-O 13. Re1 e5 {[%emt 0:02:07] [#] B80: Sicilian Scheveningen: 6 g3 and 6 Be3, including English Attack.} 14. h3 $146 (14. Qe2 $16) ({Predecessor:} 14. Qe2 Re8 15. Bg5 h6 16. Qxe5 Bd6 17. Qxe8+ Nxe8 18. Rxe8+ Bf8 19. Bf4 Qb7 20. Rd1 Bg4 21. Rxa8 Qxa8 {0-1 Mulawa,C (2149)-Slomczewski,M (2108) Warsaw Szansa op rapid 2022 (7)}) 14... Bf5 15. Qe2 Rfe8 {[%emt 0:00:07] White is slightly better.} 16. a3 (16. Qxe5 $2 Bd6 17. Qxf5 Rxe1+ 18. Kh2 Rae8 $19) 16... e4 17. Qc4 (17. Bxe4 Nxe4 18. Nxe4 Bf8 $15) 17... Qb6 18. b4 {[%emt 0:01:08] Prevents Bc5.} (18. Nxe4 Bxe4 19. Bxe4 Bc5 $17) 18... a5 19. Be3 (19. Bxe4 Nxe4 20. Nxe4 axb4 $17) (19. Nxe4 axb4 20. Be3 (20. Ng5 Bc5 $15) 20... Qb5 21. Qxb5 cxb5 22. Nxf6+ Bxf6 23. Bxa8 Rxa8 $15) 19... Qb7 20. Rab1 (20. Bxe4 $2 {loses.} Bxe4 21. Nxe4 Nxe4 22. Qxe4 Bxb4 $19) 20... axb4 21. axb4 Nd5 (21... Qc8 $11) 22. Nxe4 $16 Nxe3 23. Rxe3 {[%emt 0:00:03] aiming for Nc5.} Rab8 (23... Be6 $16 24. Nc5 Bxc4 25. Nxb7 Ba2) 24. Nc5 Qa8 (24... Qb5 $16 25. Qxb5 cxb5) 25. Rbe1 $2 (25. Na6 $18 {and the rest is easy.} Qa7 26. Bxc6) 25... Bf8 26. c3 Rxe3 27. Rxe3 ({But not} 27. fxe3 $6 Rd8 $14) 27... Rd8 28. Kh2 Rd2 29. Re2 ({White should try} 29. Rf3 $16 g6 30. Ne4) 29... Bd3 $11 30. Nxd3 Rxe2 31. Bxc6 Qa7 32. Kg2 g6 (32... Rd2 $5 ) 33. Bf3 (33. Qf4 $14) 33... Rd2 {[%emt 0:00:26][%mdl 1024] Black has compensation.} 34. h4 $2 (34. Qe4 $11 {and White stays safe.}) 34... h5 $2 (34... Qe3 $19 35. Be4 Bd6 36. Qc8+ Kg7) 35. Qd5 {[%emt 0:00:16] [#]} (35. Bd5 $11) 35... Bg7 $1 $17 {[%emt 0:00:51] Black is more active.} 36. Qc4 {[%emt 0:00:33][%mdl 8192] [#]} (36. b5 $17 Qe3 37. Be4) 36... Rc2 $2 (36... Qe3 $1 $19 37. Be4 Kh7) 37. Qc8+ Kh7 {[%emt 0:00:01] And now ...Qe3 would win.} 38. c4 $2 (38. Nc5 $17) 38... Qd4 $19 {[%emt 0:00:05][%csl LRc4,LRd3][%mdl 64] Deflection, Double Attack} 39. Ne1 (39. Qe8 $19 Qxd3 40. Qxf7) 39... Qxf2+ {[%emt 0:00:03] Never resign too early!   Weighted Error Value: White=1.02/Black=0.48} 0-1